 Dungeon Crawl Stone Soup version 0.29.0-5-ge4962eb29e (webtiles) character file.

Game seed: 4439206482420583248

147 greasedhog the Sneak (level 5, -4/30 HPs)
             Began as a Gargoyle Brigand on Aug 29, 2022.
             Killed from afar by a white imp (11 damage)
             ... with a puff of frost
             ... on level 7 of the Dungeon.
             The game lasted 00:04:15 (2830 turns).

greasedhog the Sneak (Gargoyle Brigand)             Turns: 2830, Time: 00:04:16

Health: -4/30      AC:  8    Str: 15    XL:     5   Next: 29%
Magic:  5/5        EV: 11    Int: 11    God:
Gold:   219        SH:  0    Dex: 13    Spells: 4/4 levels left

rFire   . . .      SeeInvis .   q - +6 rapier (venom)
rCold   . . .      Faith    .   (no shield)
rNeg    + + .      Spirit   .   a - +0 leather armour
rPois   ∞          Reflect  .   (no helmet)
rElec   +          Harm     .   c - +0 cloak
rCorr   .          Rampage  .   (no gloves)
Will    .....                   (no boots)
Stlth   +++.......              (no amulet)
HPRegen 0.10/turn               l - ring of positive energy
MPRegen 0.09/turn               (no ring)

@: no status effects
A: sickness immunity, AC +4, negative energy resistance 1, electricity
resistance, torment resistance 1, petrification resistance
a: no special abilities


You were on level 7 of the Dungeon.
You visited 1 branch of the dungeon, and saw 5 of its levels.

You collected 219 gold pieces.

Inventory:

Hand Weapons
 j - a +0 dagger of electrocution
 q - a +6 rapier of venom (weapon)
Missiles
 e - 3 curare-tipped darts (quivered)
Armour
 a - a +0 leather armour (worn)
 c - a +0 cloak (worn)
Jewellery
 l - a ring of positive energy (left hand)
Scrolls
 g - 2 scrolls of identify
 h - a scroll of poison
 p - a scroll of immolation
Potions
 b - 2 potions of might {unknown}
 d - a potion of flight {unknown}
 f - 2 potions of curing
 i - a potion of invisibility {unknown}
 k - a potion of brilliance {unknown}
 m - a potion of berserk rage {unknown}
 n - a potion of attraction {unknown}
 o - a potion of haste {unknown}


   Skills:
 - Level 2.1 Fighting
 * Level 3.6 Short Blades
 - Level 1.7 Throwing
 - Level 0.7 Dodging
 * Level 6.1 Stealth


You had 4 spell levels left.
You didn't know any spells.
Your spell library contained the following spells:

 Spells                   Type           Power      Damage    Failure   Level
 Gell's Gravitas          Tloc           0%         N/A       78%         3
 Lesser Beckoning         Tloc           0%         N/A       78%         3
 Teleport Other           Tloc           0%         N/A       78%         3


Dungeon Overview and Level Annotations

Branches:
Dungeon (7/15)
 Temple: D:4-7

Altars:
Fedhas
Sif Muna

Shops:
D:2 *


Innate Abilities, Weirdness & Mutations

You are immune to sickness and miasma.
Your stone body is resilient. (AC +4)
You are immune to poison.
You resist negative energy. (rN+)
You are resistant to electric shocks. (rElec)
You are resistant to unholy torment.
You are immune to petrification.


Message History

Found a leather armour.
A water moccasin comes into view.
Found 21 gold pieces.
An orc comes into view. It is wielding a +0 club.
The orc shouts!
You hear a shout!
You hear a howl!
A white imp comes into view.
The white imp shouts, "Leave, thou weedy guts-griping bounder!"
You hear a shout!
An orc is nearby!
You start waiting.
A white imp is nearby!
The white imp laughs crazily.
The white imp misses you.
You closely miss the white imp. The white imp hits you.
The white imp freezes you.
You hit the white imp.
The white imp is heavily wounded.
The white imp hits you but does no damage.
You barely miss the white imp.
The white imp is heavily wounded.
The white imp hits you but does no damage.
You hit the white imp.
The white imp is severely wounded.
The white imp gestures at you. The puff of frost hits you.
You closely miss the white imp.
The white imp is severely wounded.
The white imp gestures at you. The puff of frost hits you!
* * * LOW HITPOINT WARNING * * *
You closely miss the white imp.
The white imp is severely wounded.
The white imp gestures at you. The puff of frost hits you.
* * * LOW HITPOINT WARNING * * *
You hit the white imp.
The white imp is almost dead.
The white imp gestures at you. The puff of frost hits you!
You die...

######...............#
###..........##........#
#...###########......$..
#..### #.##...#..
##...### #.# .#...h
###...# #.# ...#..
###.## #.# ...... #..#
#.# .. ##@##### #.5o..#
#####..... ... ^


You could see a white imp and an orc.

Vanquished Creatures
  Jessica (D:3)
  4 adders
  A shadow imp (D:7)
  A white imp (D:7)
  2 worms
  A dart slug (D:1)
  2 orcs
  2 bats (D:1)
  8 endoplasms
  3 giant cockroaches
  10 goblins
  5 hobgoblins (D:3)
  5 kobolds
  8 ball pythons
  4 frilled lizards
  6 rats
63 creatures vanquished.

Notes
Turn   | Place    | Note
-------+----------+-------------------------------------------
     0 | D:1      | greasedhog the Gargoyle Brigand began the quest for the
                  | Orb.
     0 | D:1      | Reached XP level 1. HP: 12/12 MP: 1/1
    77 | D:1      | Reached XP level 2. HP: 15/17 MP: 2/2
   372 | D:1      | Found a faded altar of an unknown god.
   623 | D:1      | Reached skill level 5 in Stealth
   638 | D:1      | Reached XP level 3. HP: 21/21 MP: 3/3
  1444 | D:2      | Found Tyazobet's Assorted Antiques.
  1477 | D:2      | Reached XP level 4. HP: 26/26 MP: 4/4
  2504 | D:3      | Noticed Jessica
  2519 | D:3      | Killed Jessica
  2520 | D:3      | Reached skill level 6 in Stealth
  2520 | D:3      | Reached XP level 5. HP: 27/30 MP: 5/5
  2544 | D:3      | Found a shimmering blue altar of Sif Muna.
  2593 | D:4      | You fall into a shaft and drop 3 floors!
  2745 | D:7      | Found a blossoming altar of Fedhas.
  2778 | D:7      | Noticed a water moccasin
  2830 | D:7      | Killed from afar by a white imp

Illustrated notes

Levels and vault maps discovered:
D:1:      lightli_arrival_isolated_outpost, layout_basic,
          dilly_ecumenical_altar_fadedgnrine, kennysheep_doodads,
          minmay_distorted
D:2:      layout_basic, serial_shops, nicolae_square_shop
D:3:      layout_rooms, tgw_sif, minmay_checkerbox
D:4:      layout_rooms, dk_xom_monty_hall, hangedman_minor_gate_pass
D:7:      layout_rooms, nemelex_diamond_rough_becter, fedhas_altar_3

Skill      XL: |  1  2  3  4 |
---------------+-------------+-----
Short Blades   | 2 3 |  3.6
Stealth        | 5 6 |  6.1
Fighting       | |  2.1
Throwing       | |  1.7
Dodging        | |  0.7

Action                   |  1- 3 |  4- 6 || total
-------------------------+-------+-------++-------
Melee: Dagger            |    89 |    38 ||   127
       Rapier            |       |    48 ||    48
       Punch             |       |     1 ||     1
Throw: Dart              |       |     9 ||     9
  Use: Scroll            |     2 |     2 ||     4
 Stab: Sleeping          |     8 |     5 ||    13
Armor: Robe              |    18 |    29 ||    47
       Leather armour    |       |     3 ||     3
Dodge: Dodged            |    37 |    42 ||    79
